TOP OF THE 1ST |
---|
Rio Grande Rattlesnake batting - Pitching for Wilmington Rebels : LHP Martín Marino | Pitching: LHP Martín Marino | | Batting: LHB Alberto Roberts | 0-0: Ball 1-0: Ball 2-0: Called Strike 2-1: Called Strike 2-2: Strikes out swinging | Batting: RHB Joe Courtier | 0-0: Fly out, F8 (Flyball, 8RD) | Batting: LHB Claudio Rodríguez | 0-0: Called Strike 0-1: Fly out, F4 (Line Drive, 4MD) | Top of the 1st over - 0 runs, 0 hits, 0 errors, 0 left on base; Rio Grande 0 - Wilmington 0 | BOTTOM OF THE 1ST |
---|
Wilmington Rebels batting - Pitching for Rio Grande Rattlesnake : RHP Alejandro Guzmán | Pitching: RHP Alejandro Guzmán | | Batting: RHB Henry Haines | 0-0: Called Strike 0-1: Foul Ball, location: 2F 0-2: Ball 1-2: SINGLE (Line Drive, 89S) | Batting: RHB Marlon Hernández | 0-0: Called Strike 0-1: Called Strike 0-2: Ball 1-2: Ball 2-2: Foul Ball, location: 2F 2-2: Strikes out swinging | Batting: LHB Guillermo Santos | 0-0: Ball 1-0: Ground out 5-3 (Groundball, 56S) Henry Haines to second | Batting: LHB Marv Gardner | 0-0: Ball 1-0: Foul Ball, location: 2F 1-1: DOUBLE (Line Drive, 9LM) Henry Haines scores | Batting: LHB Juan Vásquez | 0-0: Called Strike 0-1: Swinging Strike 0-2: Ball 1-2: Ball 2-2: Strikes out swinging | Bottom of the 1st over - 1 run, 2 hits, 0 errors, 1 left on base; Rio Grande 0 - Wilmington 1 | TOP OF THE 2ND |
---|
Rio Grande Rattlesnake batting - Pitching for Wilmington Rebels : LHP Martín Marino | Batting: RHB Gary Thomas | 0-0: Ball 1-0: Swinging Strike 1-1: Ball 2-1: Foul Ball, location: 2F 2-2: Ball 3-2: Base on Balls | Batting: SHB Carlos Reyes | 0-0: Called Strike 0-1: Ball 1-1: Ball 2-1: Swinging Strike 2-2: Foul Ball, location: 2F 2-2: Fielders Choice at 2nd, 1-6 (Groundball, 13) | Batting: RHB Gilberto Guzmán | 0-0: Grounds into double play, 4-6-3 (Groundball, 34) | Top of the 2nd over - 0 runs, 0 hits, 0 errors, 0 left on base; Rio Grande 0 - Wilmington 1 | BOTTOM OF THE 2ND |
---|
Wilmington Rebels batting - Pitching for Rio Grande Rattlesnake : RHP Alejandro Guzmán | Batting: RHB Mitchell Pate | 0-0: Ball 1-0: Called Strike 1-1: DOUBLE (Line Drive, 7LD) | Batting: LHB Seth Sullivan | 0-0: Ball 1-0: Ball 2-0: Called Strike 2-1: Ball 3-1: Ground out 4-3 (Groundball, 4MS) Mitchell Pate to third | Batting: LHB Miguel Medellín | 0-0: Called Strike 0-1: Ball 1-1: Ball 2-1: SINGLE (Line Drive, 4D) Mitchell Pate scores | Batting: LHB Ivan Costello | 0-0: SINGLE (Groundball, 34S) (infield hit) Miguel Medellín to second | Batting: RHB Henry Haines | 0-0: Ball Miguel Medellín steals 3rd base 1-0: Foul Ball, location: 2F 1-1: Called Strike 1-2: Ball 2-2: Strikes out swinging | Batting: RHB Marlon Hernández | 0-0: Ball 1-0: Ball 2-0: Ball 3-0: Base on Balls Ivan Costello to second | Batting: LHB Guillermo Santos | 0-0: Ball 1-0: Ball 2-0: Ball 3-0: Called Strike 3-1: Base on Balls Miguel Medellín scores Ivan Costello to third Marlon Hernández to second | Batting: LHB Marv Gardner | 0-0: SINGLE (Flyball, 7LS) Ivan Costello scores Marlon Hernández to third Guillermo Santos to second Runner from 3rd tries for Home, SAFE, no throw | Batting: LHB Juan Vásquez | 0-0: Ball 1-0: Called Strike 1-1: Ball 2-1: Called Strike 2-2: Ball 3-2: Base on Balls Guillermo Santos to third Marv Gardner to second | Batting: RHB Mitchell Pate | 0-0: Ball 1-0: SINGLE (Flyball, 9LS) Guillermo Santos scores Marv Gardner to third Juan Vásquez to second Runner from 3rd tries for Home, SAFE, throw made home | Batting: LHB Seth Sullivan | 0-0: Ball 1-0: Foul Ball, location: 2F 1-1: Ground out 3-1 (Groundball, 3D) | Bottom of the 2nd over - 6 runs, 5 hits, 0 errors, 2 left on base; Rio Grande 0 - Wilmington 7 | TOP OF THE 3RD |
---|
Rio Grande Rattlesnake batting - Pitching for Wilmington Rebels : LHP Martín Marino | Batting: LHB José Garza | 0-0: Ground out 6-3 (Groundball, 6S) | Batting: RHB Doug Delaney | 0-0: Ball 1-0: Ball 2-0: Called Strike 2-1: Foul Ball, location: 2F 2-2: Ball 3-2: Base on Balls | Batting: SHB Jeremy Holmes | 0-0: Foul Ball, location: 2F 0-1: Called Strike 0-2: Foul Ball, location: 2F 0-2: Strikes out swinging | Batting: LHB Alberto Roberts | 0-0: Ball 1-0: Foul Ball, location: 2F 1-1: Fly out, F4 (Line Drive, 4) | Top of the 3rd over - 0 runs, 0 hits, 0 errors, 1 left on base; Rio Grande 0 - Wilmington 7 | BOTTOM OF THE 3RD |
---|
Wilmington Rebels batting - Pitching for Rio Grande Rattlesnake : RHP Alejandro Guzmán | Batting: LHB Miguel Medellín | 0-0: Called Strike 0-1: Ball 1-1: Ball 2-1: Ball 3-1: Base on Balls | Batting: LHB Ivan Costello | 0-0: Called Strike Miguel Medellín steals 2nd base 0-1: Foul Ball, location: 2F 0-2: SINGLE (Groundball, 34D) Miguel Medellín to third Runner from 3rd tries for Home, SAFE, no throw | Batting: RHB Henry Haines | 0-0: Called Strike 0-1: Ball 1-1: Ball 2-1: Swinging Strike 2-2: Ball 3-2: Strikes out swinging | Batting: RHB Marlon Hernández | 0-0: Ball Ivan Costello is caught stealing 2nd base 1-0: Ball 2-0: Called Strike 2-1: Foul Ball, location: 2F 2-2: Strikes out swinging | Bottom of the 3rd over - 1 run, 1 hit, 0 errors, 0 left on base; Rio Grande 0 - Wilmington 8 | TOP OF THE 4TH |
---|
Rio Grande Rattlesnake batting - Pitching for Wilmington Rebels : LHP Martín Marino | Batting: RHB Joe Courtier | 0-0: Foul Ball, location: 2F 0-1: Ball 1-1: Called Strike 1-2: Strikes out swinging | Batting: LHB Claudio Rodríguez | 0-0: Foul Ball, location: 2F 0-1: Ball 1-1: Swinging Strike 1-2: Ball 2-2: Ball 3-2: Strikes out swinging | Batting: RHB Gary Thomas | 0-0: Called Strike 0-1: Ball 1-1: Ground out 6-3 (Groundball, 6) | Top of the 4th over - 0 runs, 0 hits, 0 errors, 0 left on base; Rio Grande 0 - Wilmington 8 | BOTTOM OF THE 4TH |
---|
Wilmington Rebels batting - Pitching for Rio Grande Rattlesnake : RHP Alejandro Guzmán | Batting: LHB Guillermo Santos | 0-0: Ball 1-0: Foul Ball, location: 2F 1-1: Foul Ball, location: 2F 1-2: Ball 2-2: Ground out 1-3 (Groundball, P) | Batting: LHB Marv Gardner | 0-0: Called Strike 0-1: Called Strike 0-2: Foul Ball, location: 2F 0-2: Ball 1-2: Ball 2-2: Ball 3-2: Fly out, F8 (Flyball, 8RM) | Batting: LHB Juan Vásquez | 0-0: Ball 1-0: Foul Ball, location: 2F 1-1: Called Strike 1-2: Fly out, F2 (Popup, 5SF) | Bottom of the 4th over - 0 runs, 0 hits, 0 errors, 0 left on base; Rio Grande 0 - Wilmington 8 | TOP OF THE 5TH |
---|
Rio Grande Rattlesnake batting - Pitching for Wilmington Rebels : LHP Martín Marino | Batting: SHB Carlos Reyes | 0-0: Ball 1-0: Called Strike 1-1: Swinging Strike 1-2: Foul Ball, location: 2F 1-2: Strikes out swinging | Batting: RHB Gilberto Guzmán | 0-0: Ball 1-0: Called Strike 1-1: Foul Ball, location: 2F 1-2: Ball 2-2: Foul Ball, location: 2F 2-2: Strikes out swinging | Batting: LHB José Garza | 0-0: Ball 1-0: Called Strike 1-1: Swinging Strike 1-2: Ball 2-2: Ball 3-2: Fly out, F8 (Line Drive, 8RM) | Top of the 5th over - 0 runs, 0 hits, 0 errors, 0 left on base; Rio Grande 0 - Wilmington 8 | BOTTOM OF THE 5TH |
---|
Wilmington Rebels batting - Pitching for Rio Grande Rattlesnake : RHP Alejandro Guzmán | Batting: RHB Mitchell Pate | 0-0: Ball 1-0: Called Strike 1-1: Swinging Strike 1-2: Strikes out swinging | Batting: LHB Seth Sullivan | 0-0: Called Strike 0-1: Ball 1-1: Foul Ball, location: 2F 1-2: Strikes out swinging | Batting: LHB Miguel Medellín | 0-0: Ball 1-0: Called Strike 1-1: Called Strike 1-2: Foul Ball, location: 2F 1-2: Fly out, F8 (Flyball, 8LD) | Bottom of the 5th over - 0 runs, 0 hits, 0 errors, 0 left on base; Rio Grande 0 - Wilmington 8 | TOP OF THE 6TH |
---|
Rio Grande Rattlesnake batting - Pitching for Wilmington Rebels : LHP Martín Marino | Batting: RHB Doug Delaney | 0-0: Ball 1-0: Swinging Strike 1-1: Foul Ball, location: 2F 1-2: Ball 2-2: Foul Ball, location: 2F 2-2: Fly out, F8 (Flyball, 8LD) | Pitching: RHP Alan O'Higgins | | Batting: SHB Jeremy Holmes | 0-0: Ball 1-0: Foul Ball, location: 2F 1-1: Ball 2-1: Ground out 4-3 (Groundball, 4) | Batting: LHB Alberto Roberts | 0-0: Called Strike 0-1: Fly out, F7 (Flyball, 7LM) | Top of the 6th over - 0 runs, 0 hits, 0 errors, 0 left on base; Rio Grande 0 - Wilmington 8 | BOTTOM OF THE 6TH |
---|
Wilmington Rebels batting - Pitching for Rio Grande Rattlesnake : RHP Alejandro Guzmán | Batting: LHB Ivan Costello | 0-0: Ball 1-0: Swinging Strike 1-1: Foul Ball, location: 2F 1-2: Ground out 6-3 (Groundball, 6M) | Pitching: RHP Nelson Britt | | Batting: RHB Henry Haines | 0-0: Foul Ball, location: 2F 0-1: Foul Ball, location: 2F 0-2: Ball 1-2: Ball 2-2: Foul Ball, location: 2F 2-2: Ball 3-2: Strikes out swinging | Batting: RHB Marlon Hernández | 0-0: Ball 1-0: Ball 2-0: Ball 3-0: Base on Balls | Batting: LHB Guillermo Santos | 0-0: Ball 1-0: Swinging Strike 1-1: Swinging Strike 1-2: Ball 2-2: Strikes out swinging | Bottom of the 6th over - 0 runs, 0 hits, 0 errors, 1 left on base; Rio Grande 0 - Wilmington 8 | TOP OF THE 7TH |
---|
Rio Grande Rattlesnake batting - Pitching for Wilmington Rebels : RHP Alan O'Higgins | Batting: RHB Joe Courtier | 0-0: Swinging Strike 0-1: Ball 1-1: Ball 2-1: Ball 3-1: Ground out 4-3 (Groundball, 4S) | Batting: LHB Claudio Rodríguez | 0-0: Called Strike 0-1: Foul Ball, location: 2F 0-2: Foul Ball, location: 2F 0-2: Ball 1-2: Ball 2-2: Strikes out swinging | Batting: RHB Gary Thomas | 0-0: Called Strike 0-1: Ball 1-1: Ball 2-1: Fly out, F7 (Flyball, 7LM) | Top of the 7th over - 0 runs, 0 hits, 0 errors, 0 left on base; Rio Grande 0 - Wilmington 8 | BOTTOM OF THE 7TH |
---|
Wilmington Rebels batting - Pitching for Rio Grande Rattlesnake : RHP Nelson Britt | Batting: LHB Marv Gardner | 0-0: Called Strike 0-1: Swinging Strike 0-2: Strikes out swinging | Batting: LHB Juan Vásquez | 0-0: Foul Ball, location: 2F 0-1: Ball 1-1: Fly out, F2 (Popup, 25F) | Batting: RHB Mitchell Pate | 0-0: Fly out, F6 (Line Drive, 6M) | Bottom of the 7th over - 0 runs, 0 hits, 0 errors, 0 left on base; Rio Grande 0 - Wilmington 8 | TOP OF THE 8TH |
---|
Rio Grande Rattlesnake batting - Pitching for Wilmington Rebels : RHP Alan O'Higgins | Now at 1B: Ernesto Gómez | | Now in LF: Eugene Allen | | Batting: SHB Carlos Reyes | 0-0: Foul Ball, location: 2F 0-1: Ball 1-1: Called Strike 1-2: Fly out, F5 (Popup, 25F) | Batting: RHB Gilberto Guzmán | 0-0: SINGLE (Groundball, 6MD) | Batting: LHB José Garza | 0-0: Swinging Strike 0-1: Ball 1-1: Ground out 4-3 (Groundball, 4S) Gilberto Guzmán to second | Batting: RHB Doug Delaney | 0-0: Ball 1-0: Ground out U3 (Groundball, 23) | Top of the 8th over - 0 runs, 1 hit, 0 errors, 1 left on base; Rio Grande 0 - Wilmington 8 | BOTTOM OF THE 8TH |
---|
Wilmington Rebels batting - Pitching for Rio Grande Rattlesnake : RHP Nelson Britt | Batting: LHB Seth Sullivan | 0-0: Foul Ball, location: 2F 0-1: SINGLE (Line Drive, 6MD) | Batting: LHB Miguel Medellín | 0-0: SINGLE (Line Drive, 56D) Seth Sullivan to second | Batting: LHB Ivan Costello | 0-0: Ball 1-0: Ball 2-0: Ball 3-0: Called Strike 3-1: Base on Balls Seth Sullivan to third Miguel Medellín to second | Batting: RHB Henry Haines | 0-0: Ball 1-0: Ball 2-0: Grounds into double play, 6-4-3 (Groundball, 6) Seth Sullivan scores Miguel Medellín to third | Batting: RHB Marlon Hernández | 0-0: Ball 1-0: Called Strike 1-1: Foul Ball, location: 2F 1-2: Foul Ball, location: 2F 1-2: Fly out, F8 (Flyball, 8LS) | Bottom of the 8th over - 1 run, 2 hits, 0 errors, 1 left on base; Rio Grande 0 - Wilmington 9 | TOP OF THE 9TH |
---|
Rio Grande Rattlesnake batting - Pitching for Wilmington Rebels : RHP Alan O'Higgins | Batting: SHB Jeremy Holmes | 0-0: Foul Ball, location: 2F 0-1: Ball 1-1: Swinging Strike 1-2: Strikes out looking | Batting: LHB Alberto Roberts | 0-0: SINGLE (Line Drive, 6MD) | Batting: RHB Joe Courtier | 0-0: Foul Ball, location: 2F 0-1: Swinging Strike 0-2: Foul Ball, location: 2F 0-2: Ball 1-2: Foul Ball, location: 2F 1-2: Strikes out swinging | Batting: LHB Claudio Rodríguez | 0-0: Ball 1-0: Foul Ball, location: 2F 1-1: Swinging Strike 1-2: Ball 2-2: Ball 3-2: Base on Balls Alberto Roberts to second | Batting: RHB Gary Thomas | 0-0: Called Strike 0-1: Fly out, F8 (Line Drive, 8LXD) | Top of the 9th over - 0 runs, 1 hit, 0 errors, 2 left on base; Rio Grande 0 - Wilmington 9 | |